[Event "*** Titled Tuesday Blitz"]
[Site "Chess.com"]
[Date "2018.11.06"]
[Round "1"]
[White "xavielhumilde_1999"]
[Black "Kouzari"]
[Result "1-0"]
[WhiteElo "2251"]
[BlackElo "2571"]
[TimeControl "180+2"]
[EndTime "13:06:29 PST"]
[Termination "xavielhumilde_1999 won by resignation"]

1. e4 e6 2. d4 d5 3. Bd3 Nf6 4.
e5 Nfd7 5. f4 c5 6. c3 Nc6 7. Nf3 Qb6 8. Bc2 f5 9. O-O Be7 10. a3 a5 11. h3 h5 12. b3 h4 13.
Be3 cxd4 14. cxd4 g5 15. Nxg5 Bxg5 16. fxg5 Ndxe5 17. Nc3 Ng6 18. Qe2 O-O 19. Rad1 Bd7 20. Na4 Qd8 21. Nc5 b6 22. Nd3 Qe7 23. Nf4 Be8 24.
Bc1 Nxf4 25. Rxf4 Bg6 26. Rxh4 Rae8 27. Qf2 Qg7 28. Bf4 Rc8 29. b4 axb4 30. axb4 Nxb4 31. Be5 Rxc2 32. Bxg7 Rxf2 33. Bxf8 Rb2 34. Bxb4 Rxb4 35.
Ra1 Kg7 36. Ra7+ Bf7 37. Rh6 e5 38. Rf6 exd4 39. Rfxf7+ Kg8 40. g6 Ra4 41. Rxa4 1-0

[Event "*** Titled Tuesday Blitz"]
[Site "Chess.com"]
[Date "2018.11.06"]
[Round "1"]
[White "dmjjmd"]
[Black "biostatistician"]
[Result "1/2-1/2"]
[WhiteElo "2314"]
[BlackElo "2645"]
[TimeControl "180+2"]
[EndTime "13:06:33 PST"]
[Termination "Game drawn by repetition"]

1. e4 e6 2. d4 d5 3. Nd2 Nc6 4. Ngf3 Nf6 5. e5 Ne4 6. Bd3 Nxd2 7. Bxd2 Nb4 8. Be2 c5 9. c3 Nc6 10. O-O Bd7 11. Bd3 Be7 12. Re1 cxd4 13. cxd4 Rc8 14. Rc1 O-O 15. h4 Bxh4 16. g3 Be7 17. Kg2 f5 18.
exf6 Bxf6 19. Rh1 h6 20. Bb1 Nxd4 21. Rxc8 Bxc8 22. Bxh6 Nxf3 23. Qxf3 gxh6 24. Rxh6 e5 25. Qh5 e4 26. Qg6+ Bg7 27. Qh7+ Kf7 28. Qg6+ Kg8 29. Qh7+ Kf7 30. Qg6+ Kg8 31. Qh7+ 1/2-1/2

[Event "*** Titled Tuesday Blitz"]
[Site "Chess.com"]
[Date "2018.11.06"]
[Round "1"]
[White "Zarikovs1999"]
[Black "TrimitziosP7"]
[Result "0-1"]
[WhiteElo "2338"]
[BlackElo "2704"]
[TimeControl "180+2"]
[EndTime "13:06:36 PST"]
[Termination "TrimitziosP7 won by resignation"]

1. e4 c5 2. Nf3 d6 3. Bb5+ Bd7 4. Bxd7+ Qxd7 5. c4 Nc6 6. Nc3 g6 7. d4 cxd4 8. Nxd4 Bg7 9. Be3 Nf6 10. f3 O-O 11. O-O Rac8 12. Rc1 a6 13. b3 Rfd8 14. Qe2 Nxe4 15. Nxe4 Nxd4 16. Bxd4 Bxd4+ 17. Kh1 d5 18. cxd5 Rxc1 19. Rxc1 Qxd5 20. Ng3 Bf6 21. h3 Qd2 22.
Re1 Bh4 23. Kh2 Qf4 24. Qf2 Rd2 25. Re4 Rxf2 26. Rxf4 Bxg3+ 27. Kxg3 Rxa2 28. Re4 e6 29. Rc4 Rb2 30. Rb4 b5 31. h4 Kf8 32.
h5 Ke7 33. h6 e5 34. Kh3 Kd6 35. g4 f6 36. f4 exf4 37. Rxf4 Rxb3+ 38. Kg2 Ke6 39.
Rf1 Rb2+ 40. Kg3 g5 41. Re1+ Kf7 0-1

[Event "*** Titled Tuesday Blitz"]
[Site "Chess.com"]
[Date "2018.11.06"]
[Round "1"]
[White "sergiochess83"]
[Black "BIG_Pirate"]
[Result "1-0"]
[WhiteElo "2783"]
[BlackElo "2406"]
[TimeControl "180+2"]
[EndTime "13:06:37 PST"]
[Termination "sergiochess83 won by resignation"]

1. e4 d5 2. exd5 Qxd5 3. Nc3 Qa5 4. Bc4 Nf6 5. d3 c6 6. Bd2 Bg4 7. f3 Bh5 8. Nge2 e6 9. Nf4 Bg6 10. Qe2 Nbd7 11. h4 O-O-O 12. h5 e5 13. hxg6 exf4 14. gxf7 Bd6 15. O-O-O Qg5 16. g4 Ne5 17. Bb3 Rhf8 18. Ne4 Nxe4 19. Qxe4 h6 20. Rh5 1-0

[Event "*** Titled Tuesday Blitz"]
[Site "Chess.com"]
[Date "2018.11.06"]
[Round "1"]
[White "OparinGrigoriy"]
[Black "nOcHeaTiNgKiD"]
[Result "1-0"]
[WhiteElo "2923"]
[BlackElo "2462"]
[TimeControl "180+2"]
[EndTime "13:06:38 PST"]
[Termination "OparinGrigoriy won by resignation"]

1. c4 c6 2. Nf3 d5 3. e3 Nf6 4. Nc3 a6 5. b3 Bg4 6. h3 Bh5 7.
Bb2 e6 8. Be2 Nbd7 9. O-O Bd6 10. d3 O-O 11. a3 Qe7 12. b4 e5 13. e4 dxe4 14. dxe4 Rfd8 15. c5 Bc7 16. Qb3 Nf8 17.
Rfe1 Ne6 18. Na4 Bxf3 19. Bxf3 Nd4 20. Bxd4 Rxd4 21. Rad1 Rad8 22. Rxd4 Rxd4 23. Rd1 Qd7 24. Nb2 g6 25. Rd3 Kg7 26. Qd1 Rxd3 27. Qxd3 Qd4 28. Qxd4 exd4 29. Kf1 Nd7 30. Be2 f5 31. exf5 gxf5 32.
g3 Kf6 33. f4 a5 34. Bf3 axb4 35. axb4 Nf8 36. Ke2 Ne6 37. Kd3 b6 38. cxb6 Bxb6 39.
Bxc6 h5 40. h4 Bc7 41. Bf3 Nxf4+ 42. gxf4 Bxf4 43. b5 Bg3 44. Kxd4 Bxh4 45. Kd5 Bf2 46. Bxh5 f4 47. Nd3 Be3 48. Nc5 Ke7 49. b6 Kd8 50.
Bg4 f3 51. Bxf3 Kc8 52. Bg4+ Kb8 53. Kc6 Bf4 54. Na6+ Ka8 55. Bc8 1-0

[Event "*** Titled Tuesday Blitz"]
[Site "Chess.com"]
[Date "2018.11.06"]
[Round "1"]
[White "dcremisi"]
[Black "joppie2"]
[Result "0-1"]
[WhiteElo "2323"]
[BlackElo "2682"]
[TimeControl "180+2"]
[EndTime "13:06:40 PST"]
[Termination "joppie2 won by resignation"]

1. d4 Nf6 2. c4 e6 3. Nf3 d5 4. Nc3 dxc4 5. e3 a6 6. Bxc4 b5 7. Bd3 Bb7 8. O-O c5 9. dxc5 Bxc5 10. Qe2 O-O 11. Rd1 Qe7 12. Bd2 Nbd7 13. Rac1 Bd6 14. e4 Ne5 15. Nxe5 Bxe5 16. g3 Rfd8 17. Be3 h6 18. f4 Bxc3 19. Rxc3 Bxe4 20. Bb6 Bxd3 21. Rcxd3 Rxd3 22. Qxd3 Rc8 23. Bd4 Nd5 24. f5 e5 25.
Bxe5 Qxe5 26. Qxd5 Qxb2 27. Qb7 Rc1 28. Rxc1 Qxc1+ 29.
Kg2 Qc2+ 30. Kh3 Qxf5+ 31. g4 Qd3+ 32. Kg2 Qc2+ 33. Kg3 Qxa2 34. Qc8+ Kh7 35. h4 Qb3+ 36. Kh2 Qd5 37. Qxa6 b4 38. Qb6 b3 39. Qb4 Qd3 40.
h5 Qc2+ 41. Kg3 b2 42. g5 b1=Q 43. g6+ fxg6 0-1

[Event "*** Titled Tuesday Blitz"]
[Site "Chess.com"]
[Date "2018.11.06"]
[Round "1"]
[White "Bauxi435"]
[Black "TigranLPetrosyan"]
[Result "0-1"]
[WhiteElo "2424"]
[BlackElo "2817"]
[TimeControl "180+2"]
[EndTime "13:06:41 PST"]
[Termination "TigranLPetrosyan won by resignation"]

1. d4 g6 2. c4 Bg7 3. Nc3 d6 4. e4 Nf6 5. Be2 O-O 6. Be3 Nc6 7. h3 e5 8. Nf3 exd4 9. Nxd4 Re8 10. Qc2 Qe7 11.
Nxc6 bxc6 12. Bf3 Be6 13. Qe2 Nd7 14. Rc1 Ne5 15. b3 Qh4 16. g3 Nxf3+ 17. Qxf3 Qf6 18. Qxf6 Bxf6 19. Kd2 Bg7 20. g4 f5 21. exf5 gxf5 22. gxf5 Bxf5 23. Ne2 Kf7 24. Rhg1 Bf6 25. Nd4 Bd7 26.
h4 a5 27. a3 c5 28. Ne2 Rab8 29.
Rb1 Bf5 30. Rbe1 Rxb3 31. Ng3 Bc3+ 32. Kd1 Rb1+ 33. Ke2 Bg4+ 34. f3 Rxe1+ 35. Rxe1 Bxe1 36. fxg4 Bxg3 0-1

[Event "*** Titled Tuesday Blitz"]
[Site "Chess.com"]
[Date "2018.11.06"]
[Round "1"]
[White "Firouzja2003"]
[Black "Alopekos"]
[Result "1-0"]
[WhiteElo "2950"]
[BlackElo "2469"]
[TimeControl "180+2"]
[EndTime "13:06:44 PST"]
[Termination "Firouzja2003 won by resignation"]

1. e4 e5 2. Nf3 Nc6 3. Bb5 a6 4. Ba4 Nf6 5. O-O b5 6. Bb3 Bc5 7. c3 d6 8. d3 O-O 9. Bg5 h6 10. Bh4 g5 11. Nxg5 hxg5 12. Bxg5 Kg7 13. Bd5 Bd7 14.
Qf3 Rg8 15. Nd2 Qe7 16. Rfe1 Raf8 17. Bb3 Nd8 18. Nf1 Ne6 19. Bh4 Nf4 20. Ne3 Bxe3 21. fxe3 Ng6 22. Bg5 Bg4 23. Bxf6+ Qxf6 24. Qxg4 Kh7 25. Rf1 Qe7 26. Rf5 Kg7 27. Raf1 f6 28.
h4 1-0

[Event "*** Titled Tuesday Blitz"]
[Site "Chess.com"]
[Date "2018.11.06"]
[Round "1"]
[White "TST2014"]
[Black "brother-bear"]
[Result "1-0"]
[WhiteElo "2497"]
[BlackElo "2024"]
[TimeControl "180+2"]
[EndTime "13:06:44 PST"]
[Termination "TST2014 won by resignation"]

1. d4 e6 2. c4 f5 3. Nf3 Nf6 4.
g3 d5 5. Bg2 c6 6. O-O Bd6 7.
b3 Qe7 8. a4 O-O 9. Ba3 Bxa3 10. Nxa3 a5 11. Qc2 Na6 12. Qb2 Bd7 13. Nc2 Be8 14.
c5 Bh5 15. b4 Bxf3 16. exf3 axb4 17. Nxb4 Nxb4 18. Qxb4 Ra7 19. Rfe1 Qd7 20. a5 Rfa8 21. Bf1 Ne8 22. Re3 Nc7 23. Qe1 Kf7 24. Rb3 Qd8 25. Rb6 Qd7 26. Qe5 Nb5 27. Bxb5 cxb5 28. Rd6 Qe7 29.
Re1 Rxa5 30. Rxe6 Qg5 31. Qxd5 1-0

[Event "*** Titled Tuesday Blitz"]
[Site "Chess.com"]
[Date "2018.11.06"]
[Round "1"]
[White "johnathan113"]
[Black "AndrewMcStone"]
[Result "1-0"]
[WhiteElo "2520"]
[BlackElo "2121"]
[TimeControl "180+2"]
[EndTime "13:06:49 PST"]
[Termination "johnathan113 won by resignation"]

1. e4 e6 2. d4 d5 3. Nc3 Nc6 4. e5 f6 5. Bb5 Bd7 6. Nf3 Qe7 7. O-O Qf7 8. Re1 Nge7 9. Bf4 O-O-O 10. b4 fxe5 11.
Bxe5 Ng6 12. a3 Ngxe5 13. dxe5 Be7 14. Bxc6 Bxc6 15. Nd4 Bd7 16. Nxd5 exd5 17. e6 Bxe6 18. Nxe6 Rd6 19. Qg4 Kb8 20. Rad1 Bf6 21. Nf4 Rf8 22. Nd3 Bc3 23. Re2 Rf6 24. Kh1 g6 25. f3 h5 26. Qg5 Rxf3 27. gxf3 Qxf3+ 28. Qg2 Qf5 29. Nc5 Be5 30. Rxe5 1-0

[Event "*** Titled Tuesday Blitz"]
[Site "Chess.com"]
[Date "2018.11.06"]
[Round "1"]
[White "1random"]
[Black "mishanick"]
[Result "0-1"]
[WhiteElo "2464"]
[BlackElo "2923"]
[TimeControl "180+2"]
[EndTime "13:06:53 PST"]
[Termination "mishanick won by checkmate"]

1. e4 c5 2. Nf3 d6 3. d4 cxd4 4. Nxd4 Nf6 5. Nc3 a6 6. Bg5 Nbd7 7. Qe2 h6 8. Bh4 g6 9. f4 e5 10.
fxe5 dxe5 11. O-O-O Qc7 12. Nb3 b5 13. Nd5 Nxd5 14.
exd5 Bd6 15. Nd2 Nc5 16. Bf6 O-O 17. g4 Bb7 18. Bg2 Rac8 19. Ne4 Rfe8 20. h4 Nxe4 21. Bxe4 Qc4 22. Qf3 Qxa2 23. h5 Bb4 24. c3 Rxc3+ 25.
Qxc3 Bxc3 26. bxc3 Qf2 27. g5 Qe3+ 28. Kb2 Qxe4 29. hxg6 Qe2+ 30. Ka3 Rc8 31. Rc1 Bxd5 32. Rxh6 Qa2+ 33. Kb4 Qa4# 0-1

[Event "*** Titled Tuesday Blitz"]
[Site "Chess.com"]
[Date "2018.11.06"]
[Round "1"]
[White "KRASAVCHIK2002"]
[Black "VladimirBelous"]
[Result "0-1"]
[WhiteElo "2362"]
[BlackElo "2723"]
[TimeControl "180+2"]
[EndTime "13:06:57 PST"]
[Termination "VladimirBelous won by resignation"]

1. e4 c5 2. Nf3 Nc6 3. d4 cxd4 4.
Nxd4 e5 5. Nb5 d6 6. N1c3 a6 7. Na3 b5 8. Nd5 Nge7 9. c4 Nxd5 10. cxd5 Nd4 11. Nc2 Bg4 12. f3 Qh4+ 13. Kd2 Qf2+ 14.
Be2 Bd7 15. Qf1 Qh4 16. Nxd4 exd4 17. Bd3 g6 18. Kd1 Bg7 19. Bd2 O-O 20. g3 Qd8 21. h4 f5 22. Qg2 Rc8 23. Rc1 fxe4 24. fxe4 Bg4+ 25. Be2 Qd7 26. Rxc8 Rxc8 27. Rf1 Bh3 0-1

[Event "*** Titled Tuesday Blitz"]
[Site "Chess.com"]
[Date "2018.11.06"]
[Round "1"]
[White "Durarbayli"]
[Black "Saitama_Hero"]
[Result "1-0"]
[WhiteElo "2717"]
[BlackElo "2351"]
[TimeControl "180+2"]
[EndTime "13:07:01 PST"]
[Termination "Durarbayli won by resignation"]

1. d4 Nf6 2. Nf3 g6 3. g3 Bg7 4. Bg2 c5 5. d5 O-O 6. O-O b5 7. a4 bxa4 8. Nc3 d6 9. Rxa4 Nbd7 10. Re1 h6 11. Rh4 g5 12. Nxg5 hxg5 13. Bxg5 Ne5 14.
Qd2 Ng6 15. Rc4 Rb8 16. b3 Rb4 17. Rxb4 cxb4 18. Bxf6 bxc3 19. Bxc3 Bxc3 20. Qxc3 Qb6 21. h4 Bf5 22. Qd2 Rc8 23. e4 Bd7 24. h5 Nf8 25. e5 dxe5 26. Qg5+ Kh8 27. Qxe7 f6 28. h6 1-0

[Event "*** Titled Tuesday Blitz"]
[Site "Chess.com"]
[Date "2018.11.06"]
[Round "1"]
[White "tony15051987"]
[Black "playablecharacter"]
[Result "1-0"]
[WhiteElo "2500"]
[BlackElo "2045"]
[TimeControl "180+2"]
[EndTime "13:07:03 PST"]
[Termination "tony15051987 won by resignation"]

1. Nf3 f5 2. c4 Nf6 3. Nc3 g6 4. g3 Bg7 5. Bg2 O-O 6. O-O Nc6 7. d4 d6 8. d5 Na5 9. Nd2 c5 10. Rb1 b6 11. Qc2 Rb8 12. a3 e5 13. b4 Nb7 14.
Nb5 a6 15. Na7 e4 16. Nc6 Qc7 17. Nxb8 Qxb8 18. Nb3 Nd7 19. Bf4 Ne5 20. bxc5 bxc5 21. Na5 Qc7 22. Bxe5 Qxa5 23. Bxg7 Kxg7 24. Rxb7+ Bxb7 25. Qb2+ Kh6 26. Qxb7 Qxa3 27. Qe7 Rb8 28. Qxd6 Rb2 29.
Qe7 Rxe2 30. d6 Qd3 31. d7 Rd2 32. Qxc5 Qxd7 33. h4 Rc2 34. Ra1 Qf7 35. Qe3+ Kg7 36. Bf1 Qb7 37. c5 Qb4 38. Rxa6 Qxc5 39. Ra7+ Kf6 40. Qg5+ Ke5 41. Re7+ Kd4 42. Qf6+ 1-0

[Event "*** Titled Tuesday Blitz"]
[Site "Chess.com"]
[Date "2018.11.06"]
[Round "1"]
[White "Markov_Mikhail"]
[Black "Arjun2002"]
[Result "1-0"]
[WhiteElo "2709"]
[BlackElo "2343"]
[TimeControl "180+2"]
[EndTime "13:07:04 PST"]
[Termination "Markov_Mikhail won by resignation"]

1. c4 e5 2. Nc3 Nf6 3. Nf3 Nc6 4. a3 d5 5. cxd5 Nxd5 6. e4 Nxc3 7. bxc3 Bd6 8. d4 O-O 9. h3 Qe7 10. Bd3 f5 11. d5 Nd8 12. Qe2 f4 13. Nd2 Qg5 14. f3 Be7 15. c4 Qg6 16. Nb3 Nf7 17. c5 b6 18. c6 Nd6 19. Bb2 Qh5 20. O-O-O a5 21.
a4 b5 22. axb5 a4 23. Nd2 a3 24. Bc3 a2 25. Kb2 Nf7 26. Ra1 Qg6 27. Rxa2 Rxa2+ 28. Kxa2 Bxh3 29. gxh3 Ra8+ 30. Kb2 Qd6 31. Nb3 Qa3+ 32.
Kc2 Qa2+ 33. Bb2 Nd6 34. Ra1 1-0

[Event "*** Titled Tuesday Blitz"]
[Site "Chess.com"]
[Date "2018.11.06"]
[Round "1"]
[White "WorldChampionBulletChess"]
[Black "Paralinch"]
[Result "0-1"]
[WhiteElo "2394"]
[BlackElo "2837"]
[TimeControl "180+2"]
[EndTime "13:07:05 PST"]
[Termination "Paralinch won by resignation"]

1. d4 d5 2. c3 c5 3. Nf3 Nc6 4. Bf4 Qb6 5. Qc1 Nf6 6. e3 Bg4 7. Be2 e6 8. O-O Be7 9. Nbd2 O-O 10. h3 Bh5 11. Re1 Rac8 12. dxc5 Bxc5 13. Ne5 Bxe2 14. Rxe2 Rfd8 15. Nd3 Be7 16. Nf3 Ne4 17. Nd4 Bf6 18. Qf1 Ne7 19. Rc1 Ng6 20. Bh2 e5 21.
Nf5 Qe6 22. Ng3 Be7 23. Qe1 Qa6 24. Nb4 Bxb4 25. cxb4 Rxc1 26. Qxc1 Nxg3 27. Bxg3 Qxe2 28. Qc7 Rf8 29. Qxb7 Qd1+ 30. Kh2 h5 31. f4 h4 32. Bf2 Qe2 33. Bg1 exf4 34. exf4 Nxf4 0-1

[Event "*** Titled Tuesday Blitz"]
[Site "Chess.com"]
[Date "2018.11.06"]
[Round "1"]
[White "MFBerna"]
[Black "severomorskij"]
[Result "0-1"]
[WhiteElo "2347"]
[BlackElo "2715"]
[TimeControl "180+2"]
[EndTime "13:07:06 PST"]
[Termination "severomorskij won by checkmate"]

1. e4 c5 2. Nf3 Nc6 3. d4 cxd4 4. Nxd4 Nf6 5. Nc3 e5 6. Ndb5 d6 7. Bg5 a6 8. Na3 b5 9. Nd5 Be7 10. Bxf6 Bxf6 11. c4 b4 12. Nc2 O-O 13. g3 Bg5 14. h4 Bh6 15. Bh3 Be6 16. Kf1 a5 17. Kg2 Ra7 18. b3 Nb8 19. Qe2 Nd7 20. Rad1 Nc5 21. f3 Kh8 22. Nde3 g6 23. h5 gxh5 24. Nf5 Qg5 25. Kf2 Rg8 26. Rdg1 Bxf5 27. Bxf5 a4 28. Nxb4 axb3 29. axb3 Nxb3 30. Nd5 Nd4 31. Qb2 Rb7 32. Qa2 Rb3 33. f4 exf4 34. Qa1 fxg3+ 35. Kg2 Qd2+ 36. Kh3 g2+ 37. Kh4 Qg5# 0-1

[Event "*** Titled Tuesday Blitz"]
[Site "Chess.com"]
[Date "2018.11.06"]
[Round "1"]
[White "gmjlh"]
[Black "ddtru"]
[Result "1/2-1/2"]
[WhiteElo "2629"]
[BlackElo "2303"]
[TimeControl "180+2"]
[EndTime "13:07:08 PST"]
[Termination "Game drawn by repetition"]

1. d4 d5 2. Nf3 Nf6 3. c4 c6 4.
Nc3 dxc4 5. a4 Bf5 6. e3 e6 7.
Bxc4 Nbd7 8. O-O Be7 9. Qe2 O-O 10. e4 Bg6 11. Bd3 a5 12. e5 Nd5 13. Nxd5 cxd5 14.
Bxg6 fxg6 15. Qb5 Qc7 16. Bg5 Nb8 17. Bxe7 Qxe7 18. Ne1 Nc6 19. Nc2 Rac8 20. Rad1 Rc7 21. Ne3 Rfc8 22. h3 Qb4 23. Qxb4 Nxb4 24. Rd2 Nc2 25.
Rfd1 Nxe3 26. fxe3 Rc4 27. b3 Rc3 28. Rd3 Rc2 29.
R1d2 Rxd2 30. Rxd2 Rc3 31. Rb2 Rxe3 32. b4 Ra3 33. bxa5 Rxa4 34. Rxb7 Rxa5 35. Rb6 Kf7 36.
Rb7+ Kf8 37. Rb6 Kf7 38. Rb7+ Kf8 39. Rb6 Kf7 1/2-1/2

[Event "*** Titled Tuesday Blitz"]
[Site "Chess.com"]
[Date "2018.11.06"]
[Round "1"]
[White "51616516516"]
[Black "grzechu96"]
[Result "1-0"]
[WhiteElo "2245"]
[BlackElo "2572"]
[TimeControl "180+2"]
[EndTime "13:07:11 PST"]
[Termination "51616516516 won by checkmate"]

1. d4 d5 2. c4 e6 3. Nc3 c6 4. e4 dxe4 5. Nxe4 Bb4+ 6. Bd2 Qxd4 7. Bxb4 Qxe4+ 8. Be2 Na6 9. Ba5 b6 10. Qd6 bxa5 11. Rd1 f6 12. f3 Qe3 13. Qxc6+ Kf7 14.
Qxa8 Ne7 15. Nh3 Nc5 16. Nf2 h5 17. Kf1 Na4 18. Nd3 Rd8 19. Ne5+ Qxe5 20. Rxd8 Qc7 21.
Rh8 Nxb2 22. Qe4 Qc5 23. Qh7 Ng6 24. Qg8+ Ke7 25. Qd8+ Kf7 26. Qe8# 1-0

[Event "*** Titled Tuesday Blitz"]
[Site "Chess.com"]
[Date "2018.11.06"]
[Round "1"]
[White "Manukyan_Artak"]
[Black "GABUZYAN_CHESSMOOD"]
[Result "1-0"]
[WhiteElo "2427"]
[BlackElo "2773"]
[TimeControl "180+2"]
[EndTime "13:07:12 PST"]
[Termination "Manukyan_Artak won by resignation"]

1. e4 c5 2. Nf3 d6 3. Bb5+ Bd7 4. Bxd7+ Qxd7 5. c4 Nf6 6. Nc3 e6 7. d4 cxd4 8. Nxd4 Be7 9. b3 a6 10. O-O O-O 11. Bb2 Rd8 12. Qe2 Nc6 13. Rfd1 Rac8 14. Rac1 Qc7 15. Nxc6 Qxc6 16. f3 Nh5 17. Qd2 Qc5+ 18.
Qf2 Bg5 19. Qxc5 dxc5 20. Rxd8+ Rxd8 21. Rd1 Rd4 22. Kf1 Bf6 23. Rxd4 Bxd4 24. Nd1 Nf4 25. g3 Nd3 26. Bxd4 cxd4 27. a3 e5 28. b4 Kf8 29. Ke2 Nc1+ 30. Kd2 Na2 31. Kc2 b5 32.
cxb5 axb5 33. Kb2 Nc3 34. Nxc3 dxc3+ 35. Kxc3 Ke7 36. Kb3 Kd6 37. a4 Kc6 38. a5 f6 39.
Kc3 g6 40. Kd3 h6 41. f4 Kd6 42. Ke3 h5 43. Kf3 Kc6 44. g4 h4 45. g5 fxg5 46. fxe5 1-0

[Event "*** Titled Tuesday Blitz"]
[Site "Chess.com"]
[Date "2018.11.06"]
[Round "1"]
[White "pedromartinez91"]
[Black "Blagorod"]
[Result "1-0"]
[WhiteElo "2507"]
[BlackElo "2082"]
[TimeControl "180+2"]
[EndTime "13:07:14 PST"]
[Termination "pedromartinez91 won by resignation"]

1. e4 e5 2. Nf3 Nf6 3. Nxe5 d6 4.
Nf3 Nxe4 5. d4 d5 6. Bd3 Be7 7. Nc3 Nxc3 8. bxc3 O-O 9. O-O Nd7 10. Rb1 c5 11. h3 Qa5 12. Bd2 Qxa2 13. Ra1 Qb2 14. Rb1 Qa2 15. Ra1 Qb2 16. Re1 Bf6 17. Rb1 Qa2 18.
Ng5 g6 19. Qf3 Bg7 20. Ra1 Qxa1 21. Rxa1 cxd4 22. h4 dxc3 23. Bf4 Nc5 24. Bd6 Nxd3 25. Bxf8 Ne5 26. Qxd5 Be6 27. Nxe6 fxe6 28. Qxe6+ Kxf8 29. f4 Nc6 30. Rb1 Rb8 31. Rxb7 Rxb7 32. Qc8+ Kf7 33. Qxb7+ Ne7 34. Qxa7 Ke6 35. Kf1 Nf5 36. g4 Nd4 37.
Qxg7 Nxc2 38. Qxc3 1-0

[Event "*** Titled Tuesday Blitz"]
[Site "Chess.com"]
[Date "2018.11.06"]
[Round "1"]
[White "Alexander_Donchenko"]
[Black "Godzillator"]
[Result "1-0"]
[WhiteElo "2740"]
[BlackElo "2380"]
[TimeControl "180+2"]
[EndTime "13:07:16 PST"]
[Termination "Alexander_Donchenko won by resignation"]

1. Nf3 d5 2. g3 c6 3. Bg2 Nf6 4. c4 Bg4 5. Ne5 Be6 6. cxd5 Bxd5 7. Nf3 c5 8. Nc3 Bc6 9. O-O e6 10. d3 Be7 11. e4 O-O 12. Qe2 b5 13. Rd1 b4 14.
Nb1 Qb6 15. Nbd2 Bb5 16. Nc4 Qa6 17. b3 Nc6 18. Bb2 Rad8 19. a3 Qb7 20. axb4 cxb4 21. h3 Nd7 22. Qe3 a6 23. d4 Rfe8 24. d5 exd5 25.
exd5 Ncb8 26. Re1 Nc5 27. d6 Bxd6 28. Nxd6 Rxe3 29. Nxb7 Rxe1+ 30. Nxe1 Nxb7 31. Bxb7 Rd2 32. Be5 Nd7 33. Bf4 Rb2 34. Rd1 g5 35. Bxg5 Rxb3 36. Nf3 Nc5 37. Nd4 Rb2 38. Nxb5 axb5 39. Bf6 Nxb7 1-0

[Event "*** Titled Tuesday Blitz"]
[Site "Chess.com"]
[Date "2018.11.06"]
[Round "1"]
[White "DrRiebert"]
[Black "eljanov"]
[Result "0-1"]
[WhiteElo "2413"]
[BlackElo "2808"]
[TimeControl "180+2"]
[EndTime "13:07:17 PST"]
[Termination "eljanov won by checkmate"]

1. e4 c6 2. d4 d5 3. f3 e6 4.
Nc3 Bb4 5. Ne2 Ne7 6. Bf4 b6 7. Qd3 Ba6 8. Qe3 Nd7 9. a3 Bxc3+ 10. Nxc3 Bxf1 11. Rxf1 O-O 12. O-O-O b5 13. g4 a5 14. exd5 Nxd5 15. Nxd5 cxd5 16. Bd6 Re8 17. Rd3 Rc8 18. a4 Nb6 19. Qf4 bxa4 20. Bc5 Nd7 21. Ba3 Rc4 22. Qe3 Nb8 23. f4 Nc6 24. Rd2 Qb6 25.
c3 Qb3 26. Bc5 Nb4 27. f5 Na2+ 28. Kb1 Nxc3+ 29. Ka1 Qa2# 0-1

[Event "*** Titled Tuesday Blitz"]
[Site "Chess.com"]
[Date "2018.11.06"]
[Round "1"]
[White "Iyael"]
[Black "PeshkaNavalnogo12"]
[Result "1-0"]
[WhiteElo "2017"]
[BlackElo "2470"]
[TimeControl "180+2"]
[EndTime "13:07:18 PST"]
[Termination "Iyael won by resignation"]

1. e4 c5 2. c3 Qa5 3. Nf3 Nc6 4. Be2 Nf6 5. d3 g6 6. O-O Bg7 7. Bg5 O-O 8. Nbd2 d6 9. Nc4 Qc7 10. a4 e5 11. Qd2 Be6 12. Ne3 h6 13. Bh4 Nh5 14.
Rfd1 Nf4 15. Bf1 a6 16. d4 exd4 17. cxd4 Nxd4 18. Nxd4 cxd4 19. Nc2 d3 20. Nb4 g5 21. Bg3 Rac8 22. Nxd3 Nxd3 23. Bxd3 Rfd8 24. Qe3 Qc5 25. Qf3 Bxb2 26. Rab1 Qa3 27. h4 gxh4 28. Bxh4 Rd7 29. Qf4 Bg7 30. Bf6 Kf8 31. Bxg7+ Kxg7 32. Be2 Rc5 33. Rd3 Rg5 34. Rxa3 d5 35. e5 d4 36. Rg3 1-0

[Event "*** Titled Tuesday Blitz"]
[Site "Chess.com"]
[Date "2018.11.06"]
[Round "1"]
[White "dretch"]
[Black "evgenysharapov"]
[Result "1-0"]
[WhiteElo "2775"]
[BlackElo "2402"]
[TimeControl "180+2"]
[EndTime "13:07:20 PST"]
[Termination "dretch won by resignation"]

1. d4 d5 2. c4 c6 3. Nc3 e5 4. cxd5 cxd5 5. dxe5 d4 6. Ne4 Qa5+ 7. Nd2 Qxe5 8.
Ngf3 Qd5 9. Nb3 Nc6 10. Nfxd4 Nf6 11. e3 Bb4+ 12. Bd2 O-O 13. Bxb4 Nxb4 14. Qf3 Qe5 15. Be2 a5 16. O-O a4 17. Nd2 Bg4 18. Qg3 Qh5 19. Bxg4 Nxg4 20. Nc4 Ra6 21. h3 Nf6 22. Qf3 Qc5 23.
Rfc1 Nd3 24. Rc2 Nb4 25. Rcc1 Nd3 26. Rc3 Nxb2 27. Qxb7 Nxc4 28. Qxa6 1-0

[Event "*** Titled Tuesday Blitz"]
[Site "Chess.com"]
[Date "2018.11.06"]
[Round "1"]
[White "Lovkov_Roman"]
[Black "AttackSparrow"]
[Result "1-0"]
[WhiteElo "2603"]
[BlackElo "2226"]
[TimeControl "180+2"]
[EndTime "13:07:26 PST"]
[Termination "Lovkov_Roman won by resignation"]

1. e4 c5 2. Nf3 d6 3. d4 cxd4 4. Nxd4 Nf6 5. Nc3 a6 6. f4 e5 7. Nf3 Nbd7 8. Bc4 Be7 9. O-O O-O 10. Kh1 b5 11. Bd3 Bb7 12. Qe1 exf4 13. Bxf4 Nc5 14. Nd4 Nxd3 15. cxd3 d5 16. Nf5 b4 17. Nxd5 Nxd5 18.
exd5 Bf6 19. d6 Re8 20. Qg3 Re2 21. Rf2 Rxf2 22. Qxf2 Qd7 23. Bg3 Rc8 24. Re1 Re8 25.
Rf1 a5 26. h3 h6 27. Kh2 Be5 28. Bxe5 Rxe5 29. Ne7+ Kh7 30. Qxf7 Rxe7 31. dxe7 Bc6 32.
Qf5+ Qxf5 33. Rxf5 Be8 34. Rf8 Bg6 1-0

[Event "*** Titled Tuesday Blitz"]
[Site "Chess.com"]
[Date "2018.11.06"]
[Round "1"]
[White "Keures"]
[Black "Ar4uha"]
[Result "0-1"]
[WhiteElo "2219"]
[BlackElo "2586"]
[TimeControl "180+2"]
[EndTime "13:07:26 PST"]
[Termination "Ar4uha won by resignation"]

1. d4 Nf6 2. c4 e6 3. Nf3 b6 4. Nc3 Bb4 5. Qc2 Bb7 6. a3 Bxc3+ 7. Qxc3 O-O 8. Bg5 d6 9. Nd2 Nc6 10. f3 h6 11. Bh4 Re8 12. e4 e5 13. d5 Nd4 14. Bf2 Nh5 15. Bxd4 exd4 16. Qxd4 Qh4+ 17. g3 Qf6 18. Qxf6 Nxf6 19. Be2 a5 20. b3 Nd7 21. Kf2 Re7 22. b4 Ne5 23. f4 Ng6 24. Bd3 Ra7 25. h4 Nf8 26. h5 Nd7 27. Rhg1 Re8 28. Nb3 Nf6 29. b5 Nxe4+ 30. Bxe4 Rxe4 31. Nd2 Re8 32. Rae1 Raa8 33. Rxe8+ Rxe8 34. Re1 Rxe1 35. Kxe1 Bc8 36.
Nf3 Bg4 37. Nh2 Bxh5 38. g4 Bg6 39. f5 Bh7 40. Kf2 g6 41. fxg6 Bxg6 42. Ke3 Kg7 43. Nf3 Kf6 44. Kd4 Bb1 45. Ke3 Bc2 46. Kd2 Bb3 47. Kc3 Bd1 48. Nd2 Bxg4 49. Kd4 Kg5 50. Ke3 f5 51. Nb3 h5 52. Nd4 f4+ 53. Kf2 h4 54. a4 h3 55. Kg1 Kh4 56. Ne6 Kg3 57. Nxc7 h2+ 0-1

[Event "*** Titled Tuesday Blitz"]
[Site "Chess.com"]
[Date "2018.11.06"]
[Round "1"]
[White "Adham_Fawzy"]
[Black "HanSchut"]
[Result "1-0"]
[WhiteElo "2655"]
[BlackElo "2307"]
[TimeControl "180+2"]
[EndTime "13:07:27 PST"]
[Termination "Adham_Fawzy won by resignation"]

1. e4 c5 2. Nf3 d6 3. d4 cxd4 4.
Nxd4 Nf6 5. Nc3 a6 6. Bg5 e6 7. f4 Be7 8. Qf3 h6 9. Bh4 g5 10. fxg5 Nfd7 11. O-O-O Ne5 12. Qe2 hxg5 13. Bg3 Nbd7 14.
Kb1 Qc7 15. Qd2 b5 16. a3 Rb8 17. Be2 Qb6 18. Rhf1 Nc4 19. Bxc4 bxc4 20. Na4 Qc7 21. Ne2 Qc6 22. Nec3 Ne5 23. Ka1 Bd7 24. Qd4 Qc7 25. Nc5 Qb6 26. N3a4 dxc5 27. Qxe5 Bxa4 28. Qxh8+ Bf8 29.
Bd6 c3 30. Qxf8+ Kd7 31. Bxb8+ Kc6 32. Rd6+ Kb5 33. Rxb6+ 1-0